 Dungeon Crawl Stone Soup version 0.30-a0-737-gf23d94013f (webtiles) character file.

Game seed: 18307885778521390657

163 cheesebisquit the Chopper (level 5, -5/46 HPs)
             Began as a Minotaur Berserker on Feb 1, 2023.
             Was a Believer of Trog.
             Slain by a gnoll
             ... wielding a +0 spear
             ... led by a gnoll bouda
              (8 damage)
             ... on level 4 of the Dungeon.
             The game lasted 00:05:22 (2098 turns).

cheesebisquit the Chopper (Minotaur Berserker)      Turns: 2098, Time: 00:05:23

Health: -5/46      AC: 11    Str: 24    XL:     5   Next: 20%
Magic:  4/4        EV: 13    Int:  4    God:    Trog [**....]
Gold:   168        SH:  0    Dex:  9    Spells: 4/4 levels left

rFire   . . .      SeeInvis .    a - +0 hand axe
rCold   . . .      Faith    .    (no shield)
rNeg    . . .      Spirit   .    d - +0 chain mail
rPois   .          Reflect  .    (helmet restricted)
rElec   .          Harm     .    u - +0 cloak
rCorr   .          Rampage  .    i - +0 pair of gloves
Will    .....                    (no boots) Stlth
                                 (no amulet)
HPRegen 0.27/turn                c - +5 ring of evasion
MPRegen 0.09/turn                (no ring)

@: no status effects
A: horns 2, retaliatory headbutt
a: Renounce Religion, Berserk, Trog's Hand


You were on level 4 of the Dungeon.
You worshipped Trog.
Trog was pleased with you.
You visited 1 branch of the dungeon, and saw 4 of its levels.

You collected 168 gold pieces.

Inventory:

Hand Weapons
 a - a +0 hand axe (weapon)
Armour
 d - a +0 chain mail (worn)
 i - a +0 pair of gloves (worn)
 u - a +0 cloak (worn)
Jewellery
 c - a +5 ring of evasion (left hand)
 y - a +6 ring of intelligence
Wands
 p - a wand of polymorph (9)
 w - a wand of iceblast (7)
Scrolls
 b - a scroll of vulnerability {unknown}
 e - 2 scrolls of teleportation {unknown}
 m - a scroll of noise {unknown}
 n - a scroll of blinking {unknown}
 o - a scroll of acquirement {unknown}
 q - a scroll of enchant armour {unknown}
 x - a scroll of magic mapping {unknown}
Potions
 f - a potion of heal wounds
 h - a potion of might {unknown}
 j - a potion of degeneration {unknown}
 k - 2 potions of lignification {unknown}
 l - 2 potions of invisibility
 r - 4 potions of flight
 s - a potion of attraction {unknown}
 t - a potion of curing {unknown}
 v - a potion of magic {unknown}
 z - a potion of resistance {unknown}
 A - a potion of brilliance {unknown}


   Skills:
 - Level 3.8 Fighting
 + Level 6.8 Axes
 - Level 2.7 Armour
 - Level 2.4 Dodging


You had 4 spell levels left.
You didn't know any spells.
Your spell library was empty.

Dungeon Overview and Level Annotations

Branches:
Dungeon (4/15)
 Temple: D:4-7

Altars:
Makhleb
Wu Jian


Innate Abilities, Weirdness & Mutations

You have a pair of horns on your head.
You reflexively headbutt those who attack you in melee.


Message History

The gnoll misses you. You furiously retaliate!
You headbutt the gnoll. The gnoll closely misses you.
You closely miss the gnoll. x3; You slash the gnoll bouda!
You kill the gnoll bouda!
Trog accepts your kill.
The gnoll closely misses you. x2; The gnoll hits you with a +0 spear.
* * * LOW HITPOINT WARNING * * *
You have reached level 5!
You hit the gnoll. You headbutt the gnoll.
The gnoll is heavily wounded.
You closely miss the gnoll. You hit the gnoll. The gnoll closely misses you.
The gnoll hits you with a +1 spear of flaming.
* * * LOW HITPOINT WARNING * * *
The gnoll burns you.
* * * LOW HITPOINT WARNING * * *
The gnoll hits you but does no damage.
You hit the gnoll but do no damage.
The gnoll is heavily wounded.
You hit the gnoll. You barely miss the gnoll.
The gnoll hits you but does no damage. x3
You hit the gnoll.
The gnoll is heavily wounded.
You closely miss the gnoll. You hit the gnoll.
The gnoll hits you with a +0 spear.
* * * LOW HITPOINT WARNING * * *
The gnoll barely misses you. You furiously retaliate!
You headbutt the gnoll.
You kill the gnoll!
Trog accepts your kill. The gnoll hits you with a +0 spear.
* * * LOW HITPOINT WARNING * * *
You hit the gnoll but do no damage. Your headbutt misses the gnoll.
The gnoll is heavily wounded.
You barely miss the gnoll. The gnoll barely misses you.
The gnoll hits you with a +0 spear.
* * * LOW HITPOINT WARNING * * *
You hit the gnoll.
The gnoll is severely wounded.
You barely miss the gnoll.
The gnoll is no longer moving quickly.
The gnoll closely misses you. The gnoll hits you with a +0 spear!
You die...

...###### ........#
#....# #.##.#..# #....#
#.##.#..# #....#
#.##.##.# #....#
###+#....##.###....#
#........##...#....#
#........'..#+#).g.#
#........#......@g(#
#........#.....##)....#
#........#.....# .....+
#...............#.....#
.......#........#.....#
....>...........#.....#
...........######.......
........... ......(
..........


You could see 2 gnolls.

Vanquished Creatures
  A jelly (D:4)
  A gnoll bouda (D:4)
  2 adders (D:2)
  2 gnolls (D:4)
  A worm (D:2)
  A dart slug (D:1)
  An orc (D:3)
  9 ball pythons
  4 bats
  8 endoplasms
  A giant cockroach (D:3)
  3 goblins
  9 hobgoblins
  5 jackals (D:1)
  3 quokkas
  2 frilled lizards (D:3)
  3 kobolds
  4 rats
60 creatures vanquished.

Notes
Turn   | Place    | Note
-------+----------+-------------------------------------------
     0 | D:1      | cheesebisquit the Minotaur Berserker began the quest for
                  | the Orb.
     0 | D:1      | Reached XP level 1. HP: 19/19 MP: 0/0
   187 | D:1      | Reached XP level 2. HP: 27/27 MP: 1/1
   206 | D:1      | Reached skill level 4 in Axes
   425 | D:1      | Reached XP level 3. HP: 33/33 MP: 2/2
   536 | D:1      | Reached ** piety under Trog
   862 | D:2      | Reached skill level 5 in Axes
  1118 | D:2      | Reached XP level 4. HP: 40/40 MP: 3/3
  1745 | D:3      | Found an ornate altar of the Wu Jian Council.
  1854 | D:4      | Found a burning altar of Makhleb.
  2020 | D:4      | Reached skill level 6 in Axes
  2094 | D:4      | Reached XP level 5. HP: 12/46 MP: 4/4
  2097 | D:4      | HP: 2/46 [gnoll/+0 spear[a gnoll bouda] (2)]
  2098 | D:4      | Slain by a gnoll

Illustrated notes

Levels and vault maps discovered:
D:1:      reono_arrival_forest_river, layout_rooms, hex_tiny,
          nicolae_figureground_sparkle
D:2:      minmay_door_path, layout_loops_ring
D:3:      layout_rooms, nzn_wu_jian_council_hall
D:4:      layout_basic, mainiacjoe_overflow_alcove_4, temple_hall

Skill      XL: |  1  2  3  4 |
---------------+-------------+-----
Axes           | 4 5 6 |  6.8
Fighting       | |  3.8
Armour         | |  2.7
Dodging        | |  2.4

Action                     |  1- 3 |  4- 6 || total
---------------------------+-------+-------++-------
  Melee: Hand axe          |    84 |    41 ||   125
         Headbutt          |    14 |     6 ||    20
         Punch             |       |     1 ||     1
  Throw: Javelin           |     2 |     2 ||     4
    Use: Scroll            |       |     3 ||     3
 Armour: Chain mail        |    29 |    23 ||    52
  Dodge: Dodged            |    55 |    35 ||    90

Table legend: (Time is in decaauts)
 A = Elapsed time spent in this place.
 B = Non-inter-level travel time spent in this place.
 C = Inter-level travel time spent in this place.
 D = Time resting spent in this place.
 E = Time spent auto-exploring this place.
 F = Levels seen in this place.
 G = Mean time per level.
                   A        B        C        D        E       F      G
               +--------+--------+--------+--------+--------+-----+--------+
         Total |   2108 |   1997 |    111 |      0 |   1564 |   4 |  527.0 |
       Dungeon |   2108 |   1997 |    111 |      0 |   1564 |   4 |  527.0 |
               +--------+--------+--------+--------+--------+-----+--------+

Top non-repeatable levels by time:
     D:2: 774 daAuts
     D:1: 631 daAuts
     D:3: 429 daAuts
     D:4: 273 daAuts
